 Dungeon Crawl Stone Soup version 0.17.0-28-g6e173f8 (webtiles) character file.

397 dohliylev the Covert (level 6, -3/44 HPs)
             Began as a Vampire Assassin on Nov 28, 2015.
             Was an Initiate of Dithmenos.
             Slain by an ogre
             ... wielding a +0 giant club
              (11 damage)
             ... on level 4 of the Dungeon.
             The game lasted 00:09:52 (2916 turns).

dohliylev the Covert (Vampire Assassin)             Turns: 2916, Time: 00:09:53

Health: -3/44      AC:  4    Str: 10    XL:     6   Next: 53%
Magic:  6/6        EV: 12    Int: 14    God:    Dithmenos [......]
Gold:   184        SH:  0    Dex: 17    Spells: 0 memorised, 5 levels left

rFire  . . .     SeeInvis +     a - +2 dagger
rCold  + + .     Clarity  .     c - +0 robe
rNeg   + + +     SustAt   .     (no shield)
rPois  +         Gourm    .     (no helmet)
rElec  .         Spirit   .     u - +0 cloak
rCorr  .         Warding  .     (no gloves)
rMut   .         Stasis   .     s - +0 pair of boots
MR     .....                    (no amulet)
Stlth  ++++++....               (no ring)
                                (no ring)

@: regenerating slowly, not resistant to hostile enchantments, very stealthy
A: fangs 3, see invisible, unbreathing
a: Bat Form, Renounce Religion


You were on level 4 of the Dungeon.
You worshipped Dithmenos.
Dithmenos was noncommittal.
You were near bloodless.

You visited 2 branches of the dungeon, and saw 5 of its levels.

You collected 184 gold pieces.

Inventory:

Hand Weapons
 a - a +2 dagger (weapon)
 b - a +0 blowgun
Missiles
 e - 8 poisoned needles
 f - 2 curare-tipped needles
Armour
 c - a +0 robe (worn)
 d - a +0 cloak
 s - a +0 pair of boots (worn)
 u - a +0 cloak (worn)
Jewellery
 y - an uncursed ring of ice {unknown}
Wands
 t - a wand of frost (25)
Scrolls
 i - a scroll of teleportation {unknown}
 j - 4 scrolls of remove curse {unknown}
 l - 3 scrolls of identify {unknown}
 m - a scroll of fear {unknown}
 n - 2 scrolls of enchant weapon {unknown}
 r - a scroll of fog {unknown}
 v - a scroll of random uselessness {unknown}
 w - a scroll of immolation {unknown}
 x - a scroll of magic mapping {unknown}
Potions
 h - a potion of mutation {unknown}
 k - a potion of curing {unknown}
 o - a potion of resistance {unknown}
 p - 2 potions of might {unknown}
 q - a potion of brilliance {unknown}


   Skills:
 - Level 1.7 Fighting
 - Level 2.1 Short Blades
 - Level 1.5 Throwing
 - Level 1.1 Dodging
 * Level 11.8 Stealth


You had 5 spell levels left.
You didn't know any spells.

Dungeon Overview and Level Annotations

Branches:
Dungeon (4/15)             Temple (1/1) D:4

Altars:
Cheibriados
Dithmenos
Fedhas
Gozag
Makhleb
Qazlal
Ru
Trog
Vehumet
Xom
Yredelemnul
The Shining One


Innate Abilities, Weirdness & Mutations

You heal slowly.
You have razor-sharp teeth.
You have supernaturally acute eyesight.
You can survive without breathing.


Message History

The hound is lightly wounded.
The hound bites you but does no damage. The hound closely misses you.
You hit the hound.
The hound is moderately wounded.
The hound bites you but does no damage.
You hit the hound.
The hound is heavily wounded.
The hound barely misses you.
You hit the hound.
The hound is almost dead.
The hound bites you.
* * * LOW HITPOINT WARNING * * *
You barely miss the hound. You bite the hound.
You draw the hound's blood!
You feel better.
You feel slightly less thirsty.
You kill the hound!
Dithmenos accepts your kill.
You barely miss the ogre.
The ogre is lightly wounded.
The ogre hits you with a giant club!
You die...

### ..########
#.........
#.############
#.....†......#
#.##########.########
#.# #....@O..# #.#
#..#####.####.#### #.#
##%.#####.......... #.#
######............#.####
..#
#................!.<#
..#
#.####...#####.###..#
..# #.# #...# #.# ..#
..# #.# #...# #.. ....
..####.###....# #.. ##..


You could see an ogre.

Vanquished Creatures
  Sigmund (D:2)
  Crazy Yiuf (D:2)
  A centaur skeleton (D:4)
  Terence (D:2)
  A hound (D:4)
  2 orc wizards (D:4)
  A gnoll (D:3)
  3 adders (D:3)
  An ooze (D:4)
  3 orcs (D:4)
  9 bats
  4 hobgoblins
  2 kobolds
  2 quokkas
  3 giant cockroaches (D:1)
  3 giant newts (D:1)
  5 goblins (D:1)
  3 rats
46 creatures vanquished.

Notes
Turn   | Place    | Note
--------------------------------------------------------------
     0 | D:1      | dohliylev the Vampire Assassin began the quest for the Orb.
     0 | D:1      | Reached XP level 1. HP: 16/16 MP: 1/1
    76 | D:1      | Reached skill level 6 in Stealth
   154 | D:1      | Reached XP level 2. HP: 15/22 MP: 2/2
   331 | D:1      | Reached skill level 7 in Stealth
  1220 | D:2      | Noticed Sigmund
  1224 | D:2      | Killed Sigmund
  1224 | D:2      | Reached skill level 10 in Stealth
  1224 | D:2      | Reached XP level 3. HP: 25/27 MP: 3/3
  1224 | D:2      | Reached XP level 4. HP: 30/33 MP: 4/4
  1224 | D:2      | Reached XP level 5. HP: 34/38 MP: 5/5
  1334 | D:2      | Noticed Terence
  1341 | D:2      | Killed Terence
  1414 | D:2      | Noticed Crazy Yiuf
  1420 | D:2      | Killed Crazy Yiuf
  1829 | D:3      | Reached skill level 11 in Stealth
  1829 | D:3      | Reached XP level 6. HP: 44/44 MP: 6/6
  2125 | D:4      | HP: 2/44 [orc wizard/dagger (2)]
  2255 | D:4      | Found a staircase to the Ecumenical Temple.
  2274 | Temple   | Entered the Ecumenical Temple
  2680 | Temple   | Became a worshipper of Dithmenos the Shadowed
  2916 | D:4      | Slain by an ogre

Action                   |  1- 3 |  4- 6 || total
-------------------------+-------+-------++-------
Melee: Dagger            |    59 |    68 ||   127
 Stab: Sleeping          |    10 |    12 ||    22
       Invisible         |       |     1 ||     1
       Distracted        |       |     1 ||     1
